 Dungeon Crawl Stone Soup version 0.30.1-11-g7821555f0a (webtiles) character file.

Game seed: 11602815524047225556

95 Groucho the Grasshopper (level 4, -11/22 HPs)
             Began as a Spriggan Warper on Nov 22, 2023.
             Mangled by a sleepcap (21 damage)
             ... on level 3 of the Dungeon.
             The game lasted 00:08:32 (4745 turns).

Groucho the Grasshopper (Spriggan Warper)           Turns: 4745, Time: 00:08:32

Health: -11/22     AC:  2    Str:  7    XL:     4   Next: 39%
Magic:  8/10       EV:  4    Int: 16    God:
Gold:   91         SH:  0    Dex: 14    Spells: 1/9 levels left

rFire   . . .        a - +0 short sword
rCold   . . .        (no shield)
rNeg    . . .        b - +0 robe
rPois   .            (helmet restricted)
rElec   .            (no cloak)
rCorr   .            (gloves unavailable)
SInv    +            (boots unavailable)
Will    .....        (no amulet)
Stlth   ++           (no ring)
HPRegen 0.23/turn    (no ring)
MPRegen 0.12/turn

%: no passive effects
@: sleeping, very quick
A: very small, no large weapons, unfitting armour, see invisible, speed 3
a: no special abilities


You were on level 3 of the Dungeon.
You visited 1 branch of the dungeon, and saw 4 of its levels.

You collected 91 gold pieces.

Inventory:

Hand Weapons
 a - a +0 short sword (weapon)
Armour
 b - a +0 robe (worn)
Magical Staves
 f - a staff of poison
Jewellery
 i - an amulet of magic regeneration
 l - a ring of magical power
Scrolls
 c - a scroll of blinking
 d - a scroll of magic mapping {unknown}
 e - a scroll of poison {unknown}
 g - 2 scrolls of silence {unknown}
 h - a scroll of identify {unknown}
 j - 2 scrolls of teleportation {unknown}
 m - a scroll of fog {unknown}
Potions
 k - 2 potions of curing {unknown}


   Skills:
 - Level 1.5 Fighting
 + Level 2.5 Short Blades
 + Level 1.7 Throwing
 + Level 3.9 Dodging
 + Level 2.6 Stealth
 + Level 3.3 Spellcasting
 + Level 5.0 Translocations
 + Level 1.0 Air Magic


You had one spell level left.
You knew the following spells:

 Your Spells              Type           Power      Damage    Failure   Level
a - Blink                 Tloc           36%        N/A       3%          2
b - Teleport Other        Tloc           18%        N/A       7%          3
c - Vhi's Electric Charg  Tloc/Air       24%        N/A       16%         3

Your spell library contained the following spells:

 Spells                   Type           Power      Damage    Failure   Level
 Lesser Beckoning         Tloc           36%        N/A       3%          2
 Manifold Assault         Tloc           18%        N/A       22%         4


Dungeon Overview and Level Annotations

Branches:
Dungeon (4/15)
 Temple: D:4-7

Altars:


Innate Abilities, Weirdness & Mutations

You are very small and have problems with some larger weapons.
You are too small for most types of armour.
You have supernaturally acute eyesight. (SInv)
You cover ground extremely quickly. (Speed+++)


Message History

The sleepcap completely misses you.
You hit the sleepcap.
The sleepcap is lightly damaged.
You hit the sleepcap but do no damage.
The sleepcap is lightly damaged.
The sleepcap closely misses you.
You hit the sleepcap.
The sleepcap is moderately damaged.
The sleepcap barely misses you.
You hit the sleepcap but do no damage.
The sleepcap is moderately damaged.
The sleepcap barely misses you.
You hit the sleepcap.
The sleepcap is heavily damaged.
The sleepcap releases spores at you.
You hit the sleepcap.
The sleepcap is heavily damaged.
The sleepcap misses you.
You hit the sleepcap.
The sleepcap is heavily damaged.
The sleepcap misses you.
You hit the sleepcap.
The sleepcap is severely damaged.
You hit the sleepcap.
The sleepcap is severely damaged.
The sleepcap releases spores at you.
You hit the sleepcap.
The sleepcap is severely damaged.
The sleepcap misses you.
You hit the sleepcap.
The sleepcap is almost destroyed.
The sleepcap barely misses you.
You hit the sleepcap.
The sleepcap is almost destroyed.
The sleepcap releases spores at you!
You are engulfed in a cloud of soporific spores!
You fall asleep.
The sleepcap releases spores at you!!
Ouch! That really hurt!
You die...

...##.##.# #...##.### #####
...##.# ... ###.##..<.##..†.
..###.# ## #.# #....### ..!##.#
#.######..†.## ......##
#.#####.....#....... .......#
#......####....##.## .......#
######.######..##.##
.......############...##....##..#
............>..f@..........<###.#
.......###########.##..####..##.#
.......# #....###.#####..#..
.......# ###.#####...†..##....
######## #...# #......######
##########.### ##......#
##.....#.....## ##.......#
##.............###..#######
#............†.....##


You could see a sleepcap.

Vanquished Creatures
  2 gnolls
  3 adders
  A dart slug (D:1)
  An orc (D:3)
  5 endoplasms
  4 goblins
  4 hobgoblins
  2 jackals (D:1)
  A quokka (D:1)
  6 ball pythons
  6 bats
  3 frilled lizards
  3 kobolds
  4 rats
45 creatures vanquished.

Notes
Turn   | Place    | Note
-------+----------+-------------------------------------------
     0 | D:1      | Groucho the Spriggan Warper began the quest for the Orb.
     0 | D:1      | Reached XP level 1. HP: 10/10 MP: 5/5
  1131 | D:1      | Reached skill level 1 in Stealth
  1131 | D:1      | Reached XP level 2. HP: 14/14 MP: 6/6
  1845 | D:2      | Learned a level 2 spell: Blink
  2397 | D:1      | Reached XP level 3. HP: 12/18 MP: 8/8
  3089 | D:2      | Found a faded altar of an unknown god.
  3225 | D:2      | Reached XP level 4. HP: 22/22 MP: 9/9
  3777 | D:3      | Reached skill level 5 in Translocations
  3784 | D:3      | Learned a level 3 spell: Teleport Other
  3788 | D:3      | Learned a level 3 spell: Vhi's Electric Charge
  4332 | D:3      | Reached skill level 1 in Air Magic
  4745 | D:3      | Mangled by a sleepcap

Illustrated notes

Levels and vault maps discovered:
D:1:      saegor_arrival_simple_e, layout_basic
D:2:      layout_loops_ring, shapermc_ecumenical_altar_pompeii, serial_glass,
          glass_columns_a, glass_columns_a, glass_columns_b, glass_columns_b,
          feat_on_display
D:3:      layout_rooms
D:4:      layout_cave_pods, grunt_qazlal_clouds, minmay_temple_entry_metal_lava,
          nicolae_shop_firing_range, uniq_blork_the_orc

Skill      XL: |  1  2  3  4 |
---------------+-------------+-----
Stealth        | 1 2 |  2.6
Spellcasting   | 3 |  3.3
Translocations | 5 |  5.0
Air Magic      | 1 |  1.0
Fighting       | |  1.5
Short Blades   | |  2.5
Throwing       | |  1.7
Dodging        | |  3.9

Action                     |  1- 3 |  4- 6 || total
---------------------------+-------+-------++-------
  Melee: Short sword       |   132 |    86 ||   218
         Punch             |     2 |     1 ||     3
  Throw: Boomerang         |     7 |       ||     7
         Stone             |    12 |       ||    12
   Cast: Vhi's Electric Ch |       |     1 ||     1
   Stab: Sleeping          |     3 |     4 ||     7
 Armour: Robe              |     7 |     2 ||     9
  Dodge: Dodged            |   122 |    64 ||   186
